 Dungeon Crawl Stone Soup version 0.27-a0-1065-ge809cff456 (webtiles) character file.

Game seed: 15944428348363975144

296 Lemonice the Skirmisher (level 6, -1/52 HPs)
             Began as a Palentonga Fighter on Apr 22, 2021.
             Slain by a water moccasin zombie (3 damage)
             ... on level 4 of the Dungeon.
             The game lasted 00:06:09 (3264 turns).

Lemonice the Skirmisher (Palentonga Fighter)        Turns: 3264, Time: 00:06:10

Health: -1/52      AC:  6    Str: 21    XL:     6   Next: 12%
Magic:  6/6        EV:  5    Int:  9    God:
Gold:   172        SH:  9    Dex:  9    Spells: 5/5 levels left

rFire    . . .     SeeInvis +   a - +0 long sword
rCold    . . .     Faith    .   c - +0 kite shield
rNeg     . . .     Spirit   .   b - +0 scale mail
rPois    .         Reflect  .   (no helmet)
rElec    .         Harm     .   (no cloak)
rCorr    .         Rampage  .   (no gloves)
Will     .....                  (no barding)
Stlth    ..........             (no amulet)
HPRegen  0.17/turn              (no ring)
MPRegen  0.10/turn              (no ring)

@: no status effects
A: large, rugged brown scales 3, see invisible, deformed body, roll 1, armoured
tail
a: Rolling Charge


You were on level 4 of the Dungeon.
You visited 1 branch of the dungeon, and saw 4 of its levels.

You collected 172 gold pieces.

Inventory:

Hand Weapons
 a - a +0 long sword (weapon)
Armour
 b - a +0 scale mail (worn)
 c - a +0 kite shield (worn)
Jewellery
 m - a ring of wizardry
Scrolls
 e - a scroll of magic mapping {unknown}
 f - 2 scrolls of identify {unknown}
 g - a scroll of fog {unknown}
 j - a scroll of enchant weapon {unknown}
 l - a scroll of holy word {unknown}
Potions
 d - a potion of might
 h - 2 potions of degeneration {unknown}
 i - a potion of berserk rage {unknown}
 k - a potion of attraction {unknown}
 n - a potion of heal wounds {unknown}


   Skills:
 + Level 4.4 Fighting
 + Level 3.6 Long Blades
 + Level 3.5 Armour
 + Level 3.4 Shields


You had 5 spell levels left.
You didn't know any spells.
Your spell library was empty.

Dungeon Overview and Level Annotations

Branches:
Dungeon (4/15)
 Temple: D:4-7

Altars:
Vehumet

Shops:
D:1 (

Annotations:
D:3 2 transporters
D:4 Edmund, Grinder, Menkaure


Innate Abilities, Weirdness & Mutations

You are completely covered in rugged brown scales. (AC +3, +7% HP)
You have supernaturally acute eyesight. (SInv)
Armour fits poorly on your strangely shaped body.
You can roll at nearby foes to attack.
You have a long armoured tail.


Message History

You slash the hound zombie!
You destroy the hound zombie!
A water moccasin zombie comes into view.
Roll where?
Press: ? - help, Dir - move target, f - water moccasin zombie
Aim: a water moccasin zombie You roll forward with a clatter of scales!
Your scale mail prevents you from hitting the water moccasin zombie.
A hobgoblin comes into view.
Menkaure shouts!
The hobgoblin shouts!
You hear a shout!
The water moccasin zombie barely misses you.
Menkaure calls on the powers of darkness!
The hobgoblin convulses!
Your body is wracked with pain!
You block the water moccasin zombie's attack.
The water moccasin zombie bites you but does no damage.
Menkaure mumbles some strange words.
Menkaure seems to speed up.
Menkaure calls on the powers of darkness!
The hobgoblin convulses!
Your body is wracked with pain!
* * * LOW HITPOINT WARNING * * *
You block the water moccasin zombie's attack.
The water moccasin zombie bites you.
* * * LOW HITPOINT WARNING * * *
Menkaure calls on the powers of darkness!
Your body is wracked with pain!
* * * LOW HITPOINT WARNING * * *
You block the water moccasin zombie's attack.
The water moccasin zombie bites you.
* * * LOW HITPOINT WARNING * * *
Menkaure breathes soot at you.
The water moccasin zombie bites you but does no damage.
Menkaure mumbles, "It doesn't hurt if you pull your brain out of your nose yourself."
You block the water moccasin zombie's attack.
You see here 24 stones.
The water moccasin zombie bites you.
* * * LOW HITPOINT WARNING * * *
The water moccasin zombie bites you.
* * * LOW HITPOINT WARNING * * *
The water moccasin zombie bites you.
You die...

#.####
#.#################
#.............M...#
#################.#
#...<#....#M#
#.##.#M##.#.#
#.##.#.##M#(######
#.##.#.##.........
#@####M####.######
#.Z....# #.#
######## #.#
#.###### #.......
#.###### ###


You could see a water moccasin zombie.

Vanquished Creatures
  Sigmund (D:3)
  A hound zombie (D:4)
  A hound skeleton (D:4)
  4 adders (D:2)
  An adder zombie (D:4)
  A worm (D:3)
  4 orcs
  9 ball pythons
  3 endoplasms
  5 giant cockroaches
  3 goblins
  3 hobgoblins
  4 kobolds
  2 quokkas
  7 bats
  3 frilled lizards (D:1)
  5 rats
57 creatures vanquished.

Notes
Turn   | Place    | Note
-------+----------+-------------------------------------------
     0 | D:1      | Lemonice the Palentonga Fighter began the quest for the
                  | Orb.
     0 | D:1      | Reached XP level 1. HP: 19/19 MP: 1/1
    99 | D:1      | Reached XP level 2. HP: 16/25 MP: 2/2
   351 | D:1      | Found Weufabbi's Weapon Shoppe.
   643 | D:1      | Reached XP level 3. HP: 31/31 MP: 3/3
  1267 | D:2      | Reached XP level 4. HP: 9/39 MP: 4/4
  1994 | D:3      | Found a transporter.
  2037 | D:3      | Found a transporter.
  2109 | D:3      | Noticed Sigmund
  2119 | D:3      | Killed Sigmund
  2120 | D:3      | Reached skill level 4 in Fighting
  2120 | D:3      | Reached XP level 5. HP: 17/44 MP: 5/5
  2135 | D:3      | Found a radiant altar of Vehumet.
  2733 | D:4      | Noticed Grinder
  2754 | D:4      | Reached XP level 6. HP: 25/52 MP: 6/6
  2940 | D:4      | Noticed Menkaure
  2941 | D:4      | Noticed Edmund
  3258 | D:4      | HP: 1/52 [water moccasin zombie (4)]
  3264 | D:4      | Slain by a water moccasin zombie

Illustrated notes

Levels and vault maps discovered:
D:1:      minmay_arrival_widening_spiral_wide, layout_loops_ring, serial_shops,
          shop, ebering_dispersal_statue_hall, amcnicky_mini_corridor_feature,
          kennysheep_nondescript, st_stairs_9
D:2:      layout_rooms
D:3:      gammafunk_steamed_eel, layout_loops_cross, lemuel_tele_altar,
          uniq_sigmund
D:4:      layout_basic, lemuel_coloured_pillars_altar, serial_undead,
          serial_undead_c, serial_undead_d, serial_undead_a, serial_undead_a,
          uniq_edmund, uniq_duvessa, uniq_grinder, uniq_menkaure

Skill      XL: |  1  2  3  4 |
---------------+-------------+-----
Armour         | 3 |  3.5
Fighting       | 4 |  4.4
Long Blades    | 3 |  3.6
Shields        | 3 |  3.4

Action                   |  1- 3 |  4- 6 || total
-------------------------+-------+-------++-------
Melee: Long sword        |   112 |    69 ||   181
       Tailslap          |    11 |     8 ||    19
 Abil: Rolling Charge    |    21 |    11 ||    32
Armor: Scale mail        |    62 |    38 ||   100
Dodge: Dodged            |    26 |    18 ||    44
Block: Kite shield       |    52 |    41 ||    93
       Rpst.: Long sword |    12 |     7 ||    19

Table legend: (Time is in decaauts)
 A = Elapsed time spent in this place.
 B = Non-inter-level travel time spent in this place.
 C = Inter-level travel time spent in this place.
 D = Time resting spent in this place.
 E = Time spent auto-exploring this place.
 F = Levels seen in this place.
 G = Mean time per level.
                   A        B        C        D        E       F      G
               +--------+--------+--------+--------+--------+-----+--------+
         Total |   3353 |   3003 |    350 |    798 |   1577 |   4 |  838.2 |
       Dungeon |   3353 |   3003 |    350 |    798 |   1577 |   4 |  838.2 |
               +--------+--------+--------+--------+--------+-----+--------+

Top non-repeatable levels by time:
     D:3: 1223 daAuts
     D:1: 1112 daAuts
     D:2: 781 daAuts
     D:4: 236 daAuts
